 Dungeon Crawl Stone Soup version 0.27-a0-1358-ga0a28fc8c3 (webtiles) character file.

Game seed: 12834390298636223935

60 HAL9000 the Sneak (level 4, 0/23 HPs)
             Began as a Vine Stalker Brigand on June 28, 2021.
             Slain by a white imp (4 damage)
             ... summoned by Natasha
             ... on level 2 of the Dungeon.
             The game lasted 00:01:59 (2131 turns).

HAL9000 the Sneak (Vine Stalker Brigand)            Turns: 2131, Time: 00:01:59

Health: 0/23       AC:  3    Str: 14    XL:     4   Next: 6%
Magic:  0/5        EV: 11    Int: 12    God:
Gold:   144        SH:  4    Dex: 15    Spells: 3/3 levels left

rFire    . . .     SeeInvis .   a - +2 dagger
rCold    . . .     Faith    .   m - +0 buckler
rNeg     . . .     Spirit   +   b - +0 robe
rPois    .         Reflect  .   (no helmet)
rElec    .         Harm     .   c - +0 cloak
rCorr    .         Rampage  .   (no gloves)
Will     .....                  (no boots)
Stlth    +++.......             (no amulet)
HPRegen  1.07/turn              (no ring)
MPRegen  0.09/turn              (no ring)

@: no status effects
A: fangs 2, regeneration 1, magic shield, antimagic bite, no potion heal 2
a: no special abilities


You were on level 2 of the Dungeon.
You visited 1 branch of the dungeon, and saw 2 of its levels.

You collected 144 gold pieces.

Inventory:

Hand Weapons
 a - a +2 dagger (weapon)
Missiles
 d - 8 poisoned darts (quivered)
 e - 2 curare-tipped darts
Armour
 b - a +0 robe (worn)
 c - a +0 cloak (worn)
 m - a +0 buckler (worn)
Jewellery
 k - a ring of fire
Scrolls
 f - 4 scrolls of identify {unknown}
 g - a scroll of immolation {unknown}
 i - a scroll of enchant armour {unknown}
 j - a scroll of torment {unknown}
 n - a scroll of amnesia {unknown}
Potions
 h - a potion of ambrosia {unknown}
 l - a potion of mutation {unknown}


   Skills:
 - Level 1.7 Fighting
 - Level 1.7 Short Blades
 - Level 3.5 Throwing
 - Level 0.7 Dodging
 - Level 4.8 Stealth
 + Level 1.1 Shields


You had 3 spell levels left.
You didn't know any spells.
Your spell library was empty.

Dungeon Overview and Level Annotations

Branches:
Dungeon (2/15)

Altars:

Annotations:
D:2 Natasha


Innate Abilities, Weirdness & Mutations

You have extremely sharp teeth.
Your natural rate of healing is unusually fast.
When hurt, damage is shared between your health and your magic reserves.
Your bite disrupts and absorbs the magic of your enemies.
Potions cannot restore your health.


Message History

A goblin is nearby!
You hit the goblin.
You kill the goblin!
No target in view!
You see here a +0 dagger.
You now have 144 gold pieces (gained 10).
You see here a +0 dagger.
There is an open door here.
Key pressed, stopping explore.
No target in view!
Key pressed, stopping explore.
No target in view!
Key pressed, stopping explore.
No target in view!
No target in view!
No target in view!
Natasha, Servant of Life and Death comes into view.
Natasha is nearby!
Natasha is nearby!
Natasha is nearby!
Natasha hisses angrily.
Natasha casts a spell at you. The magic dart hits you!
You hit Natasha but do no damage. Your bite misses Natasha. Natasha claws you.
You hit Natasha.
Natasha is lightly wounded.
Natasha mumbles some strange words.
You closely miss Natasha.
Natasha is lightly wounded.
Natasha mumbles some strange words.
You closely miss Natasha.
Natasha is lightly wounded.
The white imp gestures at you. The puff of frost hits you.
Natasha mumbles some strange words.
Natasha glows brightly for a moment.
Natasha claws you. The white imp hits you.
* * * LOW HITPOINT WARNING * * *
The white imp freezes you.
You die...

####.........#
..##.#######.# #....#
#.# .....# #.########
###### #........# #
#..#####.# #
##########.....# #
#.......###.##.#
###.......##....@#
#.........##...5h...#
..........##.#..5####
..........##.#.#.#
##........##.....#
.##.......####.###
..#...##### #.
'####..####
..#.##....#


You could see Natasha and 2 white imps.

Vanquished Creatures
  A gnoll (D:1)
  An adder (D:2)
  2 dart slugs (D:1)
  2 bats
  4 endoplasms (D:1)
  A giant cockroach (D:1)
  6 goblins
  6 hobgoblins
  2 kobolds (D:1)
  A quokka (D:1)
  2 frilled lizards
  7 rats
35 creatures vanquished.

Notes
Turn   | Place    | Note
-------+----------+-------------------------------------------
     0 | D:1      | HAL9000 the Vine Stalker Brigand began the quest for the
                  | Orb.
     0 | D:1      | Reached XP level 1. HP: 11/11 MP: 2/2
   304 | D:1      | Reached XP level 2. HP: 13/15 MP: 3/3
   777 | D:1      | Found a faded altar of an unknown god.
   868 | D:1      | Reached XP level 3. HP: 12/18 MP: 2/4
  1850 | D:2      | Reached skill level 1 in Shields
  1850 | D:2      | Gained mutation: Your natural rate of healing is unusually
                  | fast. [Vine Stalker growth]
  1850 | D:2      | Reached XP level 4. HP: 15/23 MP: 3/5
  2125 | D:2      | Noticed Natasha
  2131 | D:2      | Slain by a white imp

Illustrated notes

Levels and vault maps discovered:
D:1:      dpeg_arrival_central, layout_basic,
          shapermc_ecumenical_altar_mp_highgroup, nrook_loot_triangle
D:2:      cheibrodos_greedy_goblins, layout_loops_cross,
          hangedman_decor_opposing, kennysheep_generic_room_13, uniq_natasha

Skill      XL: |  1  2  3 |
---------------+----------+-----
Throwing       | 2 3 |  3.5
Shields        | 1 |  1.1
Fighting       | |  1.7
Short Blades   | |  1.7
Dodging        | |  0.7
Stealth        | |  4.8

Action                   |  1- 3 |  4- 6 || total
-------------------------+-------+-------++-------
Melee: Dagger            |    73 |    12 ||    85
       Bite              |    20 |     1 ||    21
Throw: Dart              |     5 |       ||     5
 Stab: Sleeping          |     6 |       ||     6
Armor: Robe              |    23 |       ||    23
Dodge: Dodged            |    34 |     5 ||    39
Block: Buckler           |     4 |       ||     4

Table legend: (Time is in decaauts)
 A = Elapsed time spent in this place.
 B = Non-inter-level travel time spent in this place.
 C = Inter-level travel time spent in this place.
 D = Time resting spent in this place.
 E = Time spent auto-exploring this place.
 F = Levels seen in this place.
 G = Mean time per level.
                   A        B        C        D        E       F      G
               +--------+--------+--------+--------+--------+-----+--------+
         Total |   2125 |   2100 |     25 |    248 |   1621 |   2 | 1062.5 |
       Dungeon |   2125 |   2100 |     25 |    248 |   1621 |   2 | 1062.5 |
               +--------+--------+--------+--------+--------+-----+--------+

Top non-repeatable levels by time:
     D:1: 1218 daAuts
     D:2: 907 daAuts
